AoeStats
← 酒醉上義姬

Arena

509427859Analyzed
4v4 RM · 6d ago on Sep 26, 2026· 43m 25s· 8 players
Game mode
Random Map
Map size
Large (8 player)
Population
200
Speed
Normal
Resources
Standard
Victory
Conquest
Starting age
Dark Age
Ending age
Imperial Age
RankedLock teamsTeams togetherTeam positionsShared explorationLock speedFull tech treeHidden civsTurbo modeCheats
Victory
Defeat
🇨🇳 Cumans · China
1411
+15
🇦🇷 Hindustanis · Argentina
1361
+17
🇺🇸 Ethiopians · United States
1349
+17
🇨🇦 Danes · Canada
1295
+20
🇧🇪 Varangians · Belgium
1394
-18
🇹🇷 Berbers · Türkiye
1393
-18
🇮🇩 Danes · Indonesia
1376
-17
🇧🇷 Malay · Brazil
1345
-16
nbelgrad1
9:30 Feudal Age
10:28 Double-Bit Axe
13:09 Castle Age
12:25 Stone Mining
12:15 Horse Collar
12:21 Horse Collar
19:11 Heavy Plow
19:27 Bow Saw
21:41 Wheelbarrow
21:36 Gold Mining
21:59 Loom
24:28 Hand Cart
26:13 Gold Shaft Mining
29:26 Imperial Age
27:22 Fletching
27:39 Padded Archer Armor
29:09 Ballistics
28:53 Bodkin Arrow
29:13 Leather Archer Armor
29:22 Crossbowman
30:07 Thumb Ring
30:16 Bracer
31:18 Chemistry
30:43 Conscription
30:48 Arbalester
36:47 Two-Man Saw
37:25 Ring Archer Armor
38:05 Siege Engineers
38:11 Masonry
38:36 Torsion Engines
42:07 Elite Shotel Warrior
42:53 Scale Mail Armor
43:03 Forging
pppni
10:38 Feudal Age
14:57 Castle Age
13:00 Gold Mining
12:58 Double-Bit Axe
12:59 Horse Collar
14:26 Gold Mining
16:09 Loom
17:10 Bow Saw
21:02 Scale Mail Armor
24:55 Wheelbarrow
25:30 Forging
27:46 Chain Mail Armor
28:26 Gold Shaft Mining
29:13 Iron Casting
29:12 Squires
34:44 Imperial Age
32:24 Gambesons
32:25 Arson
32:41 Stone Mining
32:56 Heavy Plow
32:49 Town Watch
34:44 Iron Casting
35:05 Hand Cart
34:45 Hamask
37:36 Blast Furnace
37:22 Conscription
38:19 Plate Mail Armor
38:35 Onager
40:14 Siege Onager
42:10 Siege Engineers
ralcaz
10:49 Feudal Age
11:43 Double-Bit Axe
11:41 Horse Collar
14:37 Castle Age
15:48 Bow Saw
15:43 Heavy Plow
23:01 Wheelbarrow
22:12 Loom
22:13 Town Watch
23:21 Gold Mining
23:22 Stone Mining
24:11 Hand Cart
27:22 Imperial Age
25:40 Town Patrol
26:57 Forging
26:53 Scale Barding Armor
28:16 Iron Casting
28:02 Chain Barding Armor
29:48 Conscription
30:29 Plate Barding Armor
30:54 Blast Furnace
31:11 Heavy Camel Rider
31:52 Husbandry
32:02 Bloodlines
32:19 Scale Mail Armor
31:57 Siege Elephant
32:34 Imperial Camel Rider
33:37 Grand Trunk Road
MonkHater
8:59 Feudal Age
9:27 Double-Bit Axe
9:43 Horse Collar
19:00 Castle Age
18:19 Wheelbarrow
19:59 Loom
20:00 Town Watch
20:32 Bow Saw
20:30 Gold Mining
23:03 Hand Cart
26:56 Imperial Age
25:43 Scale Barding Armor
25:48 Forging
25:44 Fletching
25:54 Padded Archer Armor
26:24 Ballistics
26:57 Gold Shaft Mining
26:41 Heavy Plow
27:10 Thumb Ring
27:08 Bodkin Arrow
27:28 Leather Archer Armor
28:06 Guilds
29:39 Chemistry
29:34 Heavy Cavalry Archer
30:38 Stone Mining
32:04 Bloodlines
32:20 Masonry
32:48 Parthian Tactics
35:17 Murder Holes
35:51 Conscription
37:28 Light Cavalry
39:18 Scale Mail Armor
39:25 Scale Barding Armor
39:30 Forging
39:52 Ring Archer Armor
39:06 Hussar
MattVini
10:29 Feudal Age
14:26 Castle Age
12:36 Double-Bit Axe
13:02 Horse Collar
19:17 Bow Saw
20:05 Heavy Plow
21:55 Wheelbarrow
21:35 Gold Mining
22:19 Stone Mining
22:56 Loom
24:11 Gold Shaft Mining
24:31 Hand Cart
28:43 Imperial Age
26:33 Forging
26:31 Scale Barding Armor
28:52 Iron Casting
28:35 Cavalier
28:35 Elite Battle Elephant
29:20 Husbandry
31:30 Blast Furnace
31:38 Conscription
jelle.neyt
10:25 Feudal Age
10:28 Loom
14:35 Castle Age
12:58 Double-Bit Axe
13:30 Horse Collar
16:11 Bow Saw
17:32 Wheelbarrow
25:03 Hand Cart
27:37 Heavy Plow
27:28 Gold Mining
27:29 Stone Mining
27:27 Town Watch
30:48 Imperial Age
28:34 Forging
28:37 Bloodlines
29:12 Scale Barding Armor
29:09 Husbandry
30:50 Stone Shaft Mining
31:59 Iron Casting
31:45 Chain Barding Armor
32:31 Conscription
32:09 Elite Jarl
35:12 Plate Barding Armor
35:38 Blast Furnace
36:23 Two-Man Saw
35:54 Crop Rotation
35:37 Heavy Scorpion
37:32 Ballistics
38:13 Chemistry
37:19 Siege Engineers
39:12 Fletching
ZeZe
9:19 Feudal Age
9:47 Feudal Age
14:56 Castle Age
13:36 Double-Bit Axe
14:03 Horse Collar
15:56 Bow Saw
19:11 Loom
20:04 Stone Mining
23:46 Wheelbarrow
28:54 Imperial Age
26:25 Fletching
27:03 Ballistics
27:01 Bodkin Arrow
27:21 Bloodlines
28:07 Padded Archer Armor
28:08 Husbandry
29:36 Hand Cart
29:08 Town Watch
29:44 Bracer
32:13 Chemistry
30:42 Elite Camel Archer
32:04 Thumb Ring
32:21 Leather Archer Armor
33:36 Ring Archer Armor
34:42 Maghrebi Camels
35:05 Conscription
38:15 Masonry
38:10 Siege Engineers
41:50 Scale Barding Armor
41:56 Forging
酒醉上義姬
10:28 Feudal Age
13:06 Wheelbarrow
15:04 Castle Age
13:14 Double-Bit Axe
14:09 Stone Mining
14:14 Horse Collar
15:04 Gold Mining
15:40 Loom
16:37 Bow Saw
18:15 Heavy Plow
19:24 Gold Shaft Mining
23:04 Scale Mail Armor
24:52 Forging
24:59 Arson
27:28 Iron Casting
26:51 Hamask
30:05 Chain Mail Armor
31:19 Fletching
32:12 Bodkin Arrow
33:10 Town Watch
34:46 Squires
34:32 Gambesons
35:36 Pikeman
Connection lost

Rejoining the realm…

Still unreachable

The connection could not be restored.

Session expired

The server has moved on; the page needs a fresh start.